 Dungeon Sprint DCSS version 0.32-a0-666-ge8a88695a4 (webtiles) character file.

Game seed: 724125565954529698

14 adelrune the Shield-Bearer (level 2, -11/25 HPs)
             Began as a Formicid Fighter on Mar 9, 2024.
             Mangled by an ogre
             ... wielding a +0 giant spiked club
              (15 damage)
             ... in the Dungeon (Sprint IX: "|||||||||||||||||||||||||||||").
             The game lasted 00:00:20 (31 turns).

adelrune the Shield-Bearer (Formicid Fighter)         Turns: 31, Time: 00:00:20

Health: -11/25     AC:  7    Str: 20    XL:     2   Next: 60%
Magic:  2/2        EV: 10    Int:  7    God:
Gold:   0          SH:  5    Dex: 13    Spells: 1/1 levels left

rFire   . . .        a - +0 flail
rCold   . . .        c - +0 buckler
rNeg    . . .        b - +0 scale mail
rPois   .            (helmet unavailable)
rElec   .            (no cloak)
rCorr   .            (no gloves)
SInv    +            (no boots)
Will    .....        (no amulet) Stlth
                     (no ring)
HPRegen 0.24/turn    (no ring)
MPRegen 0.08/turn

%: no passive effects
@: mighty
A: permanent stasis, dig shafts and tunnels, antennae 3, four strong arms
a: Dig


You were in the Dungeon.
You visited 1 branch

Inventory:

Hand Weapons
 a - a +0 flail (weapon)
Armour
 b - a +0 scale mail (worn)
 c - a +0 buckler (worn)
Potions
 e - a potion of curing
 f - a potion of heal wounds
 g - 2 potions of magic


   Skills:
 + Level 3.9 Fighting
 * Level 3.3 Maces & Flails
 + Level 3.9 Armour
 + Level 1.4 Dodging
 + Level 4.7 Shields


You had one spell level left.
You didn't know any spells.
Your spell library was empty.

Dungeon Overview and Level Annotations

Branches:
Dungeon (1/1)

Altars:


Innate Abilities, Weirdness & Mutations

You cannot be hasted, slowed, berserked, paralysed or teleported.
You can dig through walls and to a lower floor.
You have a pair of large antennae on your head. (SInv)
Your four strong arms can wield two-handed weapons with a shield.


Message History

You kill the giant cockroach!
Your Dodging skill increases to level 1!
There is an open door to the Dungeon here.
Items here: ) †††.
You open the door.
An ogre, an orc and 3 adders come into view.
The adder hisses angrily.
The ogre shouts!
The orc shouts!
The adder hisses angrily.
The adder closely misses you.
You closely miss the adder. The adder bites you but does no damage.
You barely miss the adder. The adder bites you but does no damage.
You block the adder's attack.
You hit the adder.
The adder is moderately wounded.
The adder bites you. The adder closely misses you.
You closely miss the adder.
The adder is moderately wounded.
The adder closely misses you.
You barely miss the adder.
The adder is moderately wounded.
The adder closely misses you. The adder bites you but does no damage.
You thump the adder!
You kill the adder!
Your Maces & Flails skill increases to level 3!
You have reached level 2!
Okay, then.
You feel very mighty all of a sudden.
You sock the ogre!
The ogre is moderately wounded.
The ogre hits you with a +0 giant spiked club!!
Ouch! That really hurt!
* * * LOW HITPOINT WARNING * * *
You hit the ogre.
The ogre is heavily wounded.
The ogre barely misses you.
You hit the ogre.
The ogre is severely wounded.
The ogre hits you with a +0 giant spiked club!
Ouch! That really hurt!
You die... ▓▓▓▓▓▓▓▓▓▓▓▓▓▓▓▓▓▓ +..SSoO@....)...<▓ ▓▓▓▓▓▓▓▓▓▓▓▓▓▓▓▓▓▓

You could see an ogre, 2 adders and an orc.

Vanquished Creatures
  An adder (D)
  2 giant cockroaches (D)
  A goblin (D)
  2 ball pythons (D)
6 creatures vanquished.

Notes
Turn   | Place    | Note
-------+----------+-------------------------------------------
     0 | D        | adelrune the Formicid Fighter began the quest for the Orb.
     0 | D        | Reached XP level 1. HP: 18/18 MP: 1/1
    15 | D        | Reached skill level 1 in Dodging
    21 | D        | Noticed an ogre
    28 | D        | Reached XP level 2. HP: 24/25 MP: 2/2
    31 | D        | Mangled by an ogre

Illustrated notes

Levels and vault maps discovered:
D:        linesprint [early_d, line_temple, items_1, d_10, items_2, lair_1,
          lair_end, items_3, orc_1, orc_end, items_4, d_15, swamp_1, shoals_1,
          snake_1, spider_1, d_20, vaults_1, items_5, swamp_end, shoals_end,
          snake_end, spider_end, vaults_end, d_27, items_6, zot_1, zot_end,
          crypt_end, forest_end, elf_end, slime_end, tomb_end, abyss_end,
          pan_hell_end]

Skill      XL: |  1 |
---------------+----+-----
Dodging        | 1 |  1.4
Maces & Flails | 3 |  3.3
Fighting       | |  3.9
Armour         | |  3.9
Shields        | |  4.7

Action                     || total
---------------------------++-------
  Melee: Flail             ||    20
    Use: Potion            ||     1
 Armour: Scale mail        ||    12
  Dodge: Dodged            ||     9
  Block: Buckler           ||     4

Table legend: (Time is in decaauts)
 A = Elapsed time spent in this place.
 B = Non-inter-level travel time spent in this place.
 C = Inter-level travel time spent in this place.
 D = Time resting spent in this place.
 E = Time spent auto-exploring this place.
 F = Levels seen in this place.
 G = Mean time per level.
                   A        B        C        D        E       F      G
               +--------+--------+--------+--------+--------+-----+--------+
         Total |     36 |     36 |      0 |      0 |      0 |   1 |   36.0 |
       Dungeon |     36 |     36 |      0 |      0 |      0 |   1 |   36.0 |
               +--------+--------+--------+--------+--------+-----+--------+

Top non-repeatable levels by time:
       D: 36 daAuts
